[Event "ICC tourney 2315 (120 10)"]
[Site "Internet Chess Club"]
[Date "2021.01.16"]
[Round "2"]
[White "clair"]
[Black "Goldenmaknae"]
[Result "1-0"]
[ICCResult "Black resigns"]
[WhiteElo "1681"]
[BlackElo "1891"]
[Opening "Queen's pawn, Mason variation"]
[ECO "D00"]
[NIC "QP.08"]
[Time "16:16:42"]
[PlyCount "119"]
[TimeControl "7200+10"]

1. d4 d5 2. Bf4 Nf6 3. e3 Bf5 4. c4 e6 5. Qb3 Nc6 6. a3 Rb8 7. Nc3 dxc4 8.
Bxc4 a6 9. Be2 Bd6 10. Bg5 Be7 11. Nf3 Ne4 12. Nxe4 Bxe4 13. Bxe7 Qxe7 14.
O-O O-O 15. Rac1 Rfd8 16. Rc5 b6 17. Rcc1 b5 18. Nd2 Bd5 19. Qc2 Rd7 20.
Bf3 Na5 21. Rfe1 Rc8 22. e4 Ba8 23. d5 c5 24. Bg4 Qg5 25. Bh3 Rd6 26. b4
Nb7 27. Nf3 Qf4 28. Rcd1 h6 29. Qc3 Rb6 30. Ne5 Rc7 31. dxe6 fxe6 32. Rd3
Qh4 33. Ng6 Qf6 34. Qxf6 gxf6 35. Nf4 Kf7 36. Bg4 c4 37. Rh3 Nd8 38. Rxh6
Kg7 39. Rg6+ Kf7 40. Bh5 e5 41. Nd5 Bxd5 42. exd5 Rd6 43. Rxe5 fxe5 44.
Rxd6+ Ke7 45. Rh6 Kf8 46. Rh8+ Kg7 47. Rxd8 c3 48. Bd1 c2 49. Bxc2 Rxc2 50.
h4 Rc3 51. Re8 Rxa3 52. Rxe5 Rd3 53. Re6 Rxd5 54. Rxa6 Rd4 55. g3 Rxb4 56.
Rb6 Rb1+ 57. Kg2 b4 58. g4 b3 59. h5 b2 60. g5 { Black resigns } 1-0

[Event "ICC tourney 2315 (120 10)"]
[Site "Internet Chess Club"]
[Date "2021.01.16"]
[Round "2"]
[White "Sricharan07"]
[Black "ibalek"]
[Result "0-1"]
[ICCResult "White resigns"]
[WhiteElo "1877"]
[BlackElo "1652"]
[Opening "QGD Slav defense: exchange variation"]
[ECO "D10"]
[NIC "SL.01"]
[Time "16:17:00"]
[PlyCount "90"]
[TimeControl "7200+10"]

1. d4 d5 2. c4 c6 3. cxd5 cxd5 4. Nc3 Nf6 5. f3 Nc6 6. e4 dxe4 7. d5 Ne5 8.
fxe4 e6 9. Nf3 Nxf3+ 10. Qxf3 exd5 11. exd5 Qe7+ 12. Qe3 Qxe3+ 13. Bxe3 Bb4
14. O-O-O O-O 15. a3 Ba5 16. Bc5 Bg4 17. Rd4 Rfc8 18. Be7 Bh5 19. Bxf6 gxf6
20. Kd2 Rd8 21. b4 Bc7 22. Rh4 Bg6 23. Be2 Rac8 24. Bf3 Be5 25. Rc1 f5 26.
Ne2 Bb2 27. Rxc8 Rxc8 28. a4 Bf6 29. Rh3 Rc4 30. d6 Rxb4 31. Bd5 Kf8 32.
Rd3 f4 33. Rb3 Rxb3 34. Bxb3 Be5 35. Bd5 b6 36. d7 Ke7 37. Nc3 Bxc3+ 38.
Kxc3 Kxd7 39. Kb4 Kd6 40. Bf3 Bd3 41. Kc3 Bf5 42. Kb4 Bd7 43. h4 a5+ 44.
Kb3 Kc5 45. h5 h6 { White resigns } 0-1

[Event "ICC tourney 2315 (120 10)"]
[Site "Internet Chess Club"]
[Date "2021.01.16"]
[Round "2"]
[White "HarleyQueen8"]
[Black "geowhiz27"]
[Result "1-0"]
[ICCResult "Black forfeits on time"]
[WhiteElo "1858"]
[BlackElo "1667"]
[Opening "QGD: exchange, positional line, 5...c6"]
[ECO "D35"]
[NIC "QO.16"]
[Time "16:16:46"]
[PlyCount "67"]
[TimeControl "7200+10"]

1. d4 Nf6 2. c4 e6 3. Nc3 d5 4. cxd5 exd5 5. Bg5 c6 6. e3 Bf5 7. Qf3 Bg6 8.
Bxf6 Qxf6 9. Qxf6 gxf6 10. Nf3 Nd7 11. Kd2 Bd6 12. Bd3 Nf8 13. Rab1 Ne6 14.
b4 a6 15. a4 Kd7 16. b5 axb5 17. axb5 Rhb8 18. Rb3 f5 19. g3 h6 20. Nh4 Ng7
21. Rhb1 h5 22. R1b2 Ke6 23. bxc6 bxc6 24. Rxb8 Rxb8 25. Rxb8 Bxb8 26. Kc2
Kf6 27. Na2 Bd6 28. Nc3 Kg5 29. h3 Ne6 30. Kb3 Kf6 31. Nf3 Ng5 32. Nxg5
Kxg5 33. Ka4 h4 34. Ne2 { Black forfeits on time } 1-0

[Event "ICC tourney 2315 (120 10)"]
[Site "Internet Chess Club"]
[Date "2021.01.16"]
[Round "2"]
[White "corviknight"]
[Black "virajphadke"]
[Result "1/2-1/2"]
[ICCResult "Black stalemated"]
[WhiteElo "1821"]
[BlackElo "1582"]
[Opening "Giuoco Pianissimo"]
[ECO "C55"]
[NIC "IG.01"]
[Time "16:16:50"]
[PlyCount "131"]
[TimeControl "7200+10"]

1. e4 e5 2. Nf3 Nc6 3. Bc4 Nf6 4. d3 Bc5 5. O-O d6 6. a4 a6 7. c3 Bg4 8. b4
Ba7 9. Be3 O-O 10. h3 Bh5 11. Nbd2 h6 12. Qc2 Kh8 13. Rfe1 Ne7 14. d4 Nd7
15. dxe5 Nxe5 16. Nxe5 dxe5 17. Nf1 Qb8 18. g4 Bg6 19. Ng3 c6 20. Nf5 Bxf5
21. exf5 f6 22. Rad1 Qc7 23. Bxa7 Rxa7 24. Be6 b5 25. Rd7 Qb8 26. Red1 Rxd7
27. Rxd7 Nd5 28. Bxd5 cxd5 29. Rxd5 Qb7 30. c4 Rc8 31. Rc5 Rxc5 32. bxc5 b4
33. Qe2 Kg8 34. Qd3 b3 35. c6 Qxc6 36. Qxb3 h5 37. gxh5 Qe4 38. c5+ Kh7 39.
Qe3 Qxf5 40. c6 Qc2 41. Qf3 e4 42. Qf5+ Kg8 43. Qe6+ Kh7 44. c7 Qxc7 45.
Qxe4+ Kg8 46. Qe8+ Kh7 47. Qg6+ Kg8 48. h6 Qc1+ 49. Kg2 Qxh6 50. Qxh6 gxh6
51. Kf3 Kg7 52. Ke4 Kg6 53. f4 a5 54. h4 Kg7 55. h5 Kf8 56. Kd5 Ke7 57. f5
Kd7 58. Kc5 Ke7 59. Kc6 Kf7 60. Kd6 Kg7 61. Ke6 Kf8 62. Kxf6 Kg8 63. Ke7
Kg7 64. f6+ Kg8 65. f7+ Kh7 66. f8=Q { Black stalemated } 1/2-1/2

[Event "ICC tourney 2315 (120 10)"]
[Site "Internet Chess Club"]
[Date "2021.01.16"]
[Round "2"]
[White "imranchamp"]
[Black "VianYang"]
[Result "1-0"]
[ICCResult "Black checkmated"]
[WhiteElo "1826"]
[BlackElo "1620"]
[Opening "Sicilian: closed"]
[ECO "B23"]
[NIC "SI.44"]
[Time "16:16:44"]
[PlyCount "103"]
[TimeControl "7200+10"]

1. e4 c5 2. Nc3 d6 3. f4 Nc6 4. Nf3 Nf6 5. Bc4 e6 6. d3 a6 7. a4 g6 8. O-O
Bg7 9. Qe1 O-O 10. f5 exf5 11. Qh4 fxe4 12. dxe4 Be6 13. Nd5 Bxd5 14. exd5
Ne7 15. Bg5 Nf5 16. Qh3 Qd7 17. Nh4 Nxh4 18. Qxh4 Ng4 19. Be2 Ne5 20. Ra3
h5 21. Rf4 f6 22. Bxf6 Rxf6 23. Rxf6 Bxf6 24. Qxf6 Rf8 25. Qe6+ Qxe6 26.
dxe6 Re8 27. Rb3 Re7 28. Rb6 d5 29. Rd6 d4 30. Rd5 Rxe6 31. Rxc5 Nd7 32.
Rc8+ Kg7 33. Kf2 Nb6 34. Rc7+ Kf6 35. a5 Nd5 36. Rxb7 Ke5 37. Ra7 Rf6+ 38.
Ke1 Ne3 39. Rxa6 Nxc2+ 40. Kd2 Rf2 41. Rxg6 Ke4 42. Re6+ Kd5 43. Rh6 Ke4
44. Rxh5 Nb4 45. Ke1 Rxg2 46. a6 d3 47. a7 Nc2+ 48. Kd2 dxe2 49. a8=Q+ Kf4
50. Qf8+ Ke4 51. Qf5+ Kd4 52. Qd5# { Black checkmated } 1-0

[Event "ICC tourney 2315 (120 10)"]
[Site "Internet Chess Club"]
[Date "2021.01.16"]
[Round "2"]
[White "davika21"]
[Black "kingannihilator"]
[Result "1/2-1/2"]
[ICCResult "Game drawn by repetition"]
[WhiteElo "1898"]
[BlackElo "1756"]
[Opening "Sicilian: Alapin's variation (2.c3)"]
[ECO "B22"]
[NIC "SI.46"]
[Time "16:16:42"]
[PlyCount "128"]
[TimeControl "7200+10"]

1. e4 c5 2. c3 d5 3. exd5 Nf6 4. d4 Nxd5 5. Nf3 e6 6. Bd3 cxd4 7. cxd4 Bb4+
8. Bd2 Bxd2+ 9. Qxd2 Nc6 10. O-O Qf6 11. Nc3 O-O 12. Nxd5 exd5 13. Rfe1 Be6
14. Rac1 Rac8 15. Bb5 Ne7 16. Qg5 Qxg5 17. Nxg5 Rxc1 18. Rxc1 Rc8 19. Rxc8+
Bxc8 20. Ba4 f6 21. Nf3 Kf7 22. Kf1 Nf5 23. Ke2 Ke6 24. Bc2 Bd7 25. Bxf5+
Kxf5 26. Ke3 g5 27. Ne1 b6 28. Nd3 Ke6 29. f4 h6 30. fxg5 hxg5 31. g3 Be8
32. Nf2 Bh5 33. h3 Bg6 34. Kf3 Bh5+ 35. g4 Bg6 36. Kg3 f5 37. gxf5+ Bxf5
38. h4 gxh4+ 39. Kxh4 Kf6 40. Ng4+ Kg6 41. Ne5+ Kf6 42. Ng4+ Kg6 43. Ne3
Be6 44. Kg3 Kg5 45. Ng2 Bf5 46. Nf4 Be4 47. Ne2 Bd3 48. Nc3 Be4 49. Nb5 a5
50. Nc7 Kf5 51. Nb5 Bd3 52. Nc3 Be4 53. Na4 b5 54. Nc5 Bb1 55. a3 Ba2 56.
Kf3 a4 57. Ke3 Kg4 58. Ne6 Bc4 59. Nc5 Ba2 60. Nb7 Bb3 61. Nd6 Bc4 62. Nb7
Bb3 63. Nd6 Bc4 64. Nb7 Bb3 { Game drawn by repetition } 1/2-1/2

[Event "ICC tourney 2315 (120 10)"]
[Site "Internet Chess Club"]
[Date "2021.01.16"]
[Round "2"]
[White "jmwgroff"]
[Black "sunnyjingxu"]
[Result "1-0"]
[ICCResult "Black checkmated"]
[WhiteElo "1894"]
[BlackElo "1711"]
[Opening "King's Indian: orthodox, Aronin-Taimanov, 9.Ne1"]
[ECO "E98"]
[NIC "KI.03"]
[Time "16:16:47"]
[PlyCount "187"]
[TimeControl "7200+10"]

1. d4 Nf6 2. c4 g6 3. Nc3 Bg7 4. e4 d6 5. Nf3 O-O 6. Be2 e5 7. O-O Nc6 8.
d5 Ne7 9. Ne1 Nd7 10. Be3 f5 11. f3 Nf6 12. c5 f4 13. Bf2 g5 14. a4 Ng6 15.
a5 a6 16. cxd6 cxd6 17. Na4 g4 18. Nb6 Rb8 19. Rc1 gxf3 20. Bxf3 Bd7 21.
Nxd7 Qxd7 22. Nd3 Rbc8 23. h3 Qb5 24. Qd2 Qa4 25. Qb4 Qxb4 26. Nxb4 Rfe8
27. Nd3 Rxc1 28. Rxc1 Nxd5 29. exd5 e4 30. Be2 exd3 31. Bxd3 Bxb2 32. Rb1
Bc3 33. Rxb7 Bxa5 34. Bd4 Re7 35. Rb8+ Kf7 36. Bf5 Nf8 37. Ra8 Be1 38. Rxa6
Bg3 39. Ra7 Rxa7 40. Bxa7 Kf6 41. Bc2 Ke5 42. Bb3 Nd7 43. Kf1 Nf6 44. Ke2
Nxd5 45. Kd3 Nb4+ 46. Kc3 Nc6 47. Bg1 Be1+ 48. Kd3 Bg3 49. Ba4 Nb4+ 50. Kc4
Nd5 51. Bd4+ Ke6 52. Bb3 Nc7 53. Kd3+ d5 54. Ba4 Kf5 55. Bd7+ Kg5 56. Be5
Na6 57. Bd6 Bf2 58. Bc6 d4 59. Bb7 Kh4 60. Bxa6 Kg3 61. Bb7 Be3 62. Bf3 Kh4
63. Be7+ Kg3 64. Bb4 Kf2 65. Bc5 Kg3 66. Bxd4 Bc1 67. Bc3 Kf2 68. Bd2 Ba3
69. Bxf4 Bc5 70. Ke4 Ke1 71. Be3 Bd6 72. Kf5 Be7 73. Kg4 Kf1 74. Kh5 Bf8
75. g4 Bg7 76. Bh6 Bd4 77. Be4 Kf2 78. Bxh7 Kg3 79. h4 Bf2 80. g5 Kh3 81.
Bf5+ Kg3 82. g6 Bd4 83. g7 Bxg7 84. Bxg7 Kf4 85. Kg6 Kg3 86. h5 Kh4 87. h6
Kg3 88. h7 Kf4 89. h8=Q Kg3 90. Qh3+ Kf2 91. Bd4+ Ke1 92. Qe3+ Kd1 93. Qf2
Kc1 94. Qc2# { Black checkmated } 1-0

[Event "ICC tourney 2315 (120 10)"]
[Site "Internet Chess Club"]
[Date "2021.01.17"]
[Round "3"]
[White "TheSuperKing"]
[Black "aauman"]
[Result "1-0"]
[ICCResult "Black resigns"]
[WhiteElo "1686"]
[BlackElo "1534"]
[Opening "Caro-Kann: Tartakower (Nimzovich) variation"]
[ECO "B15"]
[NIC "CK.06"]
[Time "11:02:11"]
[PlyCount "51"]
[TimeControl "7200+10"]

1. e4 c6 2. d4 d5 3. Nc3 dxe4 4. Nxe4 Nf6 5. Nxf6+ exf6 6. Bf4 Bd6 7. Bg3
O-O 8. Be2 Re8 9. Nf3 Bxg3 10. hxg3 Bf5 11. O-O Nd7 12. c3 Qb6 13. Qd2 Rad8
14. Nh4 Be6 15. a4 a5 16. Rfb1 Nc5 17. Bd1 Bb3 18. dxc5 Qxc5 19. Qf4 g5 20.
Qxf6 Re1+ 21. Kh2 gxh4 22. Qxd8+ Kg7 23. Qd4+ Qxd4 24. cxd4 hxg3+ 25. fxg3
Be6 26. Bf3 { Black resigns } 1-0

[Event "ICC tourney 2315 (120 10)"]
[Site "Internet Chess Club"]
[Date "2021.01.17"]
[Round "3"]
[White "fleshlumpeater"]
[Black "imranchamp"]
[Result "0-1"]
[ICCResult "White resigns"]
[WhiteElo "1966"]
[BlackElo "1826"]
[Opening "Benkö gambit half accepted"]
[ECO "A57"]
[NIC "BI.45"]
[Time "11:01:59"]
[PlyCount "38"]
[TimeControl "7200+10"]

1. d4 Nf6 2. c4 c5 3. d5 b5 4. cxb5 a6 5. f3 d6 6. e4 g6 7. Nc3 Bg7 8. a4
O-O 9. Bg5 h6 10. Bh4 Qa5 11. Ne2 axb5 12. Nc1 Nxe4 13. fxe4 Bxc3+ 14. bxc3
Qxc3+ 15. Qd2 Qxa1 16. Bxb5 g5 17. Bg3 Qd4 18. Qc2 Qb4+ 19. Kd1 Bd7 { White
resigns } 0-1

[Event "ICC tourney 2315 (120 10)"]
[Site "Internet Chess Club"]
[Date "2021.01.17"]
[Round "3"]
[White "ChessPlayer2005"]
[Black "JGroder"]
[Result "1/2-1/2"]
[ICCResult "Game drawn by mutual agreement"]
[WhiteElo "1858"]
[BlackElo "1790"]
[Opening "Petrov's defense"]
[ECO "C42"]
[NIC "RG.03"]
[Time "11:02:10"]
[PlyCount "56"]
[TimeControl "7200+10"]

1. e4 e5 2. Nf3 Nf6 3. Nxe5 d6 4. Nf3 Nxe4 5. Bd3 Nf6 6. O-O Be7 7. Re1 O-O
8. Bf1 d5 9. d4 Bd6 10. Nc3 c6 11. Bd3 Bg4 12. Bg5 Nbd7 13. h3 Bh5 14. g4
Bg6 15. Ne5 Bxd3 16. Qxd3 Qc7 17. Nxd7 Nxd7 18. Be7 Rfe8 19. Bxd6 Qxd6 20.
a3 Nf8 21. Re3 Qd7 22. Rae1 Rxe3 23. Qxe3 Ng6 24. Nb1 Kf8 25. Nc3 Re8 26.
Qxe8+ Qxe8 27. Rxe8+ Kxe8 28. Ne2 Nh4 { Game drawn by mutual agreement }
1/2-1/2

[Event "ICC tourney 2315 (120 10)"]
[Site "Internet Chess Club"]
[Date "2021.01.17"]
[Round "3"]
[White "DanielA1926"]
[Black "davika21"]
[Result "0-1"]
[ICCResult "White checkmated"]
[WhiteElo "1771"]
[BlackElo "1898"]
[Opening "QGD: Tartakower (Makagonov-Bondarevsky) system, 8.cd Nxd5"]
[ECO "D59"]
[NIC "QO.10"]
[Time "11:02:02"]
[PlyCount "74"]
[TimeControl "7200+10"]

1. d4 d5 2. Nf3 Nf6 3. Bg5 e6 4. e3 Be7 5. c4 O-O 6. Nc3 h6 7. Bh4 b6 8.
cxd5 Nxd5 9. Bxe7 Qxe7 10. e4 Nxc3 11. bxc3 Bb7 12. Qc2 c5 13. Rd1 Nc6 14.
Bb5 cxd4 15. Bxc6 Bxc6 16. Nxd4 Rac8 17. O-O Rfd8 18. Nxc6 Rxc6 19. Rxd8+
Qxd8 20. Rd1 Rd6 21. Rxd6 Qxd6 22. g3 b5 23. c4 Qc5 24. Kf1 bxc4 25. f4 Qd4
26. Ke2 h5 27. h4 a5 28. f5 exf5 29. exf5 Qe5+ 30. Kf3 c3 31. g4 hxg4+ 32.
Kxg4 Qd4+ 33. Kh5 Qd2 34. Qe4 c2 35. Qe8+ Kh7 36. Qxf7 Qd1+ 37. Kg5 c1=B# {
White checkmated } 0-1

[Event "ICC tourney 2315 (120 10)"]
[Site "Internet Chess Club"]
[Date "2021.01.17"]
[Round "3"]
[White "alexdora"]
[Black "gmcarebear999"]
[Result "1-0"]
[ICCResult "Black checkmated"]
[WhiteElo "1950"]
[BlackElo "1834"]
[Opening "Sicilian: Alapin's variation (2.c3)"]
[ECO "B22"]
[NIC "SI.47"]
[Time "11:02:14"]
[PlyCount "119"]
[TimeControl "7200+10"]

1. e4 c5 2. c3 Nf6 3. e5 Nd5 4. d4 cxd4 5. Nf3 Nc6 6. cxd4 d6 7. Bc4 Nb6 8.
Bb5 dxe5 9. Nxe5 Bd7 10. Nxd7 Qxd7 11. Nc3 e6 12. O-O Rd8 13. Be3 Be7 14.
Qg4 Bf6 15. Ne4 Nd5 16. Nxf6+ gxf6 17. b3 Ke7 18. Bc1 Qd6 19. Bxc6 bxc6 20.
a4 Rhg8 21. Qf3 Nb4 22. Ba3 a5 23. Rac1 Qd5 24. Qxd5 Rxd5 25. Rxc6 Rxd4 26.
Rc7+ Rd7 27. Rxd7+ Kxd7 28. Bxb4 axb4 29. Rd1+ Kc6 30. Rd4 Rb8 31. Kf1 Rb7
32. Rh4 Rd7 33. Ke2 Kc5 34. Rc4+ Kd5 35. Rxb4 Rc7 36. Kd3 Rc1 37. a5 Ra1
38. Ra4 Rxa4 39. bxa4 f5 40. a6 Kc6 41. a5 e5 42. g3 f6 43. h4 h5 44. Kc4
f4 45. gxf4 exf4 46. Kd4 f5 47. Ke5 f3 48. Kxf5 Kc7 49. Kf4 Kc6 50. Kxf3
Kd7 51. a7 Kd6 52. a8=Q Kc5 53. a6 Kb6 54. a7 Kc5 55. Qb7 Kc4 56. a8=Q Kc3
57. Qac8+ Kd4 58. Qbd7+ Ke5 59. Qce8+ Kf6 60. Qdf7# { Black checkmated }
1-0

[Event "ICC tourney 2315 (120 10)"]
[Site "Internet Chess Club"]
[Date "2021.01.17"]
[Round "3"]
[White "pracheth18"]
[Black "bonnelleo1"]
[Result "1-0"]
[ICCResult "Black resigns"]
[WhiteElo "1733"]
[BlackElo "1871"]
[Opening "Queen's bishop game"]
[ECO "D00"]
[NIC "QP.08"]
[Time "11:02:07"]
[PlyCount "97"]
[TimeControl "7200+10"]

1. d4 d5 2. Bf4 Nf6 3. Nf3 Bf5 4. e3 e6 5. Bd3 Bg6 6. O-O c6 7. Nbd2 Qb6 8.
Bxg6 hxg6 9. c4 Nbd7 10. c5 Qa6 11. b4 Nh5 12. Bg5 Nhf6 13. a4 Qd3 14. Qb1
Qxb1 15. Rfxb1 Be7 16. b5 Ne4 17. Nxe4 dxe4 18. Bxe7 Kxe7 19. Nd2 Nf6 20.
bxc6 bxc6 21. Rb7+ Nd7 22. Nxe4 Rhb8 23. Rab1 Rxb7 24. Rxb7 Rb8 25. Rxb8
Nxb8 26. f4 Na6 27. Kf2 Kd7 28. Nd6 f6 29. Kf3 Nb4 30. Ke4 Nd5 31. Nc4 Ke7
32. Kd3 Nc7 33. e4 Kd7 34. Nd6 Kd8 35. g4 Kd7 36. Nf7 Ke7 37. Nh8 g5 38.
fxg5 e5 39. gxf6+ Kxf6 40. g5+ Ke6 41. dxe5 Kxe5 42. Ng6+ Ke6 43. Kd4 Na6
44. Kc4 Nb8 45. h4 Nd7 46. h5 Kf7 47. e5 Ke6 48. h6 gxh6 49. gxh6 { Black
resigns } 1-0

[Event "ICC tourney 2315 (120 10)"]
[Site "Internet Chess Club"]
[Date "2021.01.17"]
[Round "3"]
[White "MysteryHunter"]
[Black "awakeflood"]
[Result "0-1"]
[ICCResult "White resigns"]
[WhiteElo "1743"]
[BlackElo "1804"]
[Opening "French: Steinitz, Boleslavsky variation"]
[ECO "C11"]
[NIC "FR.04"]
[Time "11:02:09"]
[PlyCount "78"]
[TimeControl "7200+10"]

1. e4 e6 2. d4 d5 3. Nc3 Nf6 4. e5 Nfd7 5. f4 c5 6. Nf3 Nc6 7. Be3 Qb6 8.
Qd2 cxd4 9. Nxd4 Nxd4 10. Bxd4 Bc5 11. Bxc5 Nxc5 12. O-O-O Bd7 13. Be2 O-O
14. g4 Rac8 15. h4 Rc7 16. f5 Rfc8 17. f6 Na4 18. Nxa4 Bxa4 19. c3 Qb4 20.
Qg5 Rxc3+ 21. Kb1 Bc2+ 22. Ka1 Bg6 23. Bd3 Rxd3 24. Rxd3 h6 25. Qd2 Qe4 26.
Rdh3 Qxe5 27. fxg7 Kxg7 28. Qe3 Be4 29. Rg1 Rc2 30. Qb3 d4 31. g5 Qc5 32.
gxh6+ Kxh6 33. Rb1 Rc1 34. Rh1 Bxh1 35. Qd3 Rxb1+ 36. Qxb1 d3 37. Qxh1 d2
38. Kb1 Qf5+ 39. Ka1 Qc2 { White resigns } 0-1

[Event "ICC tourney 2315 (120 10)"]
[Site "Internet Chess Club"]
[Date "2021.01.17"]
[Round "3"]
[White "kingannihilator"]
[Black "Arsalchess"]
[Result "1-0"]
[ICCResult "Black checkmated"]
[WhiteElo "1756"]
[BlackElo "1882"]
[Opening "QGD semi-Slav: anti-Meran, Lilienthal variation"]
[ECO "D44"]
[NIC "SL.07"]
[Time "11:02:04"]
[PlyCount "61"]
[TimeControl "7200+10"]

1. d4 d5 2. c4 c6 3. Nf3 Nf6 4. Nc3 e6 5. Bg5 dxc4 6. e4 b5 7. e5 h6 8. Bh4
g5 9. Nxg5 hxg5 10. Bxg5 Nbd7 11. g3 Bb7 12. Bg2 Qb6 13. exf6 O-O-O 14. O-O
c5 15. d5 b4 16. Na4 Qa6 17. dxe6 Bxg2 18. exd7+ Rxd7 19. Qc2 Bxf1 20. Rxf1
Qe6 21. h4 Rh5 22. Rd1 b3 23. axb3 cxb3 24. Qc1 Rd5 25. Nc3 Rdxg5 26. Qd2
Rg8 27. Qd8+ Kb7 28. Rd7+ Ka6 29. Qc8+ Ka5 30. Rxa7+ Kb4 31. Ra4# { Black
checkmated } 1-0

[Event "ICC tourney 2315 (120 10)"]
[Site "Internet Chess Club"]
[Date "2021.01.17"]
[Round "3"]
[White "Han366"]
[Black "rockinroll"]
[Result "1-0"]
[ICCResult "Black resigns"]
[WhiteElo "1700"]
[BlackElo "1804"]
[Opening "QGA: classical, Rubinstein variation"]
[ECO "D21"]
[NIC "QG.05"]
[Time "11:02:20"]
[PlyCount "80"]
[TimeControl "7200+10"]

1. d4 d5 2. c4 dxc4 3. Nf3 a6 4. a4 Nf6 5. e3 e6 6. Bxc4 c5 7. O-O Nc6 8.
Nc3 Be7 9. dxc5 Qxd1 10. Rxd1 O-O 11. e4 Bxc5 12. h3 e5 13. Bg5 Be7 14. Rd2
h6 15. Bh4 g5 16. Bg3 Nd7 17. Nd5 Bc5 18. a5 Kg7 19. Ra4 Nf6 20. Nc7 Ra7
21. Bd5 b5 22. axb6 Bxb6 23. Bxc6 Bxc7 24. Bxe5 Bxe5 25. Nxe5 Re7 26. Nf3
Re6 27. Nd4 Re5 28. f3 Rc5 29. Rc2 Rxc2 30. Nxc2 Rd8 31. Rd4 Rxd4 32. Nxd4
Bd7 33. Kf2 Bxc6 34. Nxc6 Nd7 35. Ke3 Kf6 36. Kd4 Ke6 37. b3 Kd6 38. Nb4 a5
39. Nd5 Nb8 40. Ne3 Nc6+ { Black resigns } 1-0

[Event "ICC tourney 2315 (120 10)"]
[Site "Internet Chess Club"]
[Date "2021.01.17"]
[Round "3"]
[White "spideydavey"]
[Black "joeandjoe56"]
[Result "0-1"]
[ICCResult "White resigns"]
[WhiteElo "1802"]
[BlackElo "1722"]
[Opening "Ruy Lopez: 5.O-O"]
[ECO "C78"]
[NIC "RL.12"]
[Time "11:02:54"]
[PlyCount "58"]
[TimeControl "7200+10"]

1. e4 e5 2. Nf3 Nc6 3. Bb5 a6 4. Ba4 Nf6 5. O-O b5 6. Bb3 Bc5 7. c3 d6 8.
d4 Bb6 9. h3 O-O 10. Be3 exd4 11. cxd4 Na5 12. Bc2 Nc4 13. Bc1 Bb7 14. b3
Na5 15. Nbd2 Nc6 16. Bb2 Re8 17. Re1 Qd7 18. Rc1 Rad8 19. Nf1 Ne7 20. Ng3
Ng6 21. Qd2 h5 22. Qg5 Ba5 23. Re2 h4 24. Nxh4 Nh7 25. Qh5 Nf4 26. Qf3
Nxe2+ 27. Nxe2 Ng5 28. Qh5 Nxe4 29. f3 Nf6 { White resigns } 0-1

[Event "ICC tourney 2315 (120 10)"]
[Site "Internet Chess Club"]
[Date "2021.01.17"]
[Round "3"]
[White "Niteshc"]
[Black "JunlinTheWorld"]
[Result "1-0"]
[ICCResult "Black resigns"]
[WhiteElo "1672"]
[BlackElo "1837"]
[Opening "Sicilian: Smith-Morra gambit"]
[ECO "B21"]
[NIC "SI.48"]
[Time "11:02:14"]
[PlyCount "75"]
[TimeControl "7200+10"]

1. e4 c5 2. d4 cxd4 3. c3 d5 4. Qxd4 dxe4 5. Qxe4 Nc6 6. Nf3 Nf6 7. Qc2 Bg4
8. Bf4 Bxf3 9. gxf3 e5 10. Be3 Nd5 11. Nd2 Nxe3 12. fxe3 Qh4+ 13. Ke2 Bc5
14. Ne4 Be7 15. Rd1 O-O 16. Kd2 Qh6 17. Bd3 Rab8 18. Ng3 g6 19. Rdg1 Kh8
20. h4 Bc5 21. Nf1 Qh5 22. Ke2 f5 23. Rg5 Qh6 24. f4 exf4 25. exf4 Be7 26.
Rg3 Qxf4 27. h5 Bh4 28. hxg6 Rbe8+ 29. Kd1 hxg6 30. Qg2 Rd8 31. Qd2 Rxd3
32. Rxd3 Qe4 33. Qh6+ Kg8 34. Qxg6+ Kh8 35. Qh6+ Kg8 36. Rg1+ Kf7 37. Rg7+
Ke8 38. Qg6+ { Black resigns } 1-0

[Event "ICC tourney 2315 (120 10)"]
[Site "Internet Chess Club"]
[Date "2021.01.17"]
[Round "3"]
[White "AJ2000"]
[Black "bg26723"]
[Result "0-1"]
[ICCResult "White resigns"]
[WhiteElo "1710"]
[BlackElo "1917"]
[Opening "Caro-Kann: classical variation"]
[ECO "B18"]
[NIC "CK.10"]
[Time "11:02:06"]
[PlyCount "112"]
[TimeControl "7200+10"]

1. e4 c6 2. Nc3 d5 3. d4 dxe4 4. Nxe4 Bf5 5. Ng3 Bg6 6. Nf3 Nd7 7. Be3 Ngf6
8. Bd3 e6 9. O-O Bd6 10. Qd2 Qc7 11. a4 O-O 12. Bxg6 hxg6 13. c4 Rfd8 14.
Rfd1 a5 15. Rac1 Bb4 16. Qc2 c5 17. Bd2 Bxd2 18. Rxd2 cxd4 19. Nxd4 Nc5 20.
Rcd1 Rd7 21. Nb5 Qc6 22. Rxd7 Nfxd7 23. Rd6 Qc8 24. Ne4 Ne5 25. Rd4 Nxe4
26. Qxe4 Nc6 27. Rd2 Qf8 28. Nd6 Rd8 29. c5 Qe7 30. h3 f5 31. Qe3 b6 32.
Re2 bxc5 33. Qxe6+ Qxe6 34. Rxe6 Nd4 35. Rxg6 Kh7 36. Nf7 Nf3+ 37. gxf3
Rd1+ 38. Kg2 Kxg6 39. Ne5+ Kf6 40. Nc4 Rd4 41. Nxa5 Rxa4 42. Nb7 c4 43. Nc5
Rb4 44. b3 cxb3 45. Nd3 b2 46. Nxb4 b1=Q 47. Nd5+ Ke5 48. Ne3 g5 49. Nc4+
Kf6 50. Ne3 Qb7 51. Nf1 g4 52. hxg4 fxg4 53. Nh2 gxf3+ 54. Nxf3 Kf5 55. Kg3
Qg7+ 56. Kh3 Qg4+ { White resigns } 0-1

[Event "ICC tourney 2315 (120 10)"]
[Site "Internet Chess Club"]
[Date "2021.01.17"]
[Round "3"]
[White "VianYang"]
[Black "VincentT2008"]
[Result "0-1"]
[ICCResult "White resigns"]
[WhiteElo "1620"]
[BlackElo "1726"]
[Opening "King's Indian: fianchetto, Panno variation"]
[ECO "E63"]
[NIC "KI.70"]
[Time "11:01:58"]
[PlyCount "74"]
[TimeControl "7200+10"]

1. d4 Nf6 2. c4 g6 3. g3 Bg7 4. Bg2 d6 5. Nf3 O-O 6. Nc3 Nc6 7. O-O a6 8.
h3 Rb8 9. e4 b5 10. cxb5 axb5 11. Re1 b4 12. Na4 e6 13. b3 Ba6 14. Qc2 Qd7
15. Bd2 Rfc8 16. Rad1 Ne7 17. Be3 Bb5 18. Nb2 Ra8 19. Qb1 Ra3 20. Nc4 Ra6
21. Nfd2 Bc6 22. Rc1 Rca8 23. Rc2 Nc8 24. f4 Bb7 25. Bf2 Na7 26. Qa1 Nb5
27. Nb1 R8a7 28. Ree2 Qc8 29. e5 Nd5 30. Nxd6 Nxd6 31. exd6 Rxd6 32. a4
bxa3 33. Nxa3 Rda6 34. Ra2 Nb4 35. Qc1 Bxg2 36. Kxg2 Nxa2 37. Rxa2 Qa8+ {
White resigns } 0-1

[Event "ICC tourney 2315 (120 10)"]
[Site "Internet Chess Club"]
[Date "2021.01.17"]
[Round "3"]
[White "ybabji"]
[Black "FL2009"]
[Result "1-0"]
[ICCResult "Black resigns"]
[WhiteElo "1873"]
[BlackElo "1863"]
[Opening "Giuoco Piano"]
[ECO "C54"]
[NIC "IG.02"]
[Time "11:02:54"]
[PlyCount "96"]
[TimeControl "7200+10"]

1. e4 e5 2. Nf3 Nc6 3. Bc4 Bc5 4. c3 Nf6 5. d3 d6 6. Bb3 h6 7. Nbd2 Be6 8.
Bxe6 fxe6 9. b4 Bb6 10. a4 a6 11. Qb3 Qd7 12. a5 Ba7 13. O-O O-O 14. Nc4
Ne7 15. Bd2 Ng6 16. Rad1 Rae8 17. h3 Qe7 18. b5 axb5 19. Qxb5 c6 20. Qb4
Bc5 21. Qb3 Kh7 22. d4 exd4 23. cxd4 Ba7 24. e5 dxe5 25. Nfxe5 Nxe5 26.
Nxe5 g6 27. Bb4 c5 28. Bxc5 Bxc5 29. dxc5 Qc7 30. Qg3 Rg8 31. Nd7 Qd8 32.
Nf8+ Rexf8 33. Rxd8 Rxd8 34. Re1 Rge8 35. Qf3 Nh5 36. Qxb7+ Ng7 37. c6 Rb8
38. a6 Rxb7 39. cxb7 Nf5 40. a7 Nd6 41. b8=Q Rxb8 42. axb8=Q Nf7 43. Rxe6
Kg7 44. Re7 h5 45. Qe8 Kh6 46. Rxf7 h4 47. Qe3+ g5 48. Qe6+ Kh5 { Black
resigns } 1-0